Map: Celestial Enclave LE

Players

Khamsin - Winner!

  • Race: Protoss Protoss
  • Spawn Location: 7:00

VOD

Have the link to the VOD?

Description

Time

  • Played on: Sept. 22, 2026, 3:08 a.m.
  • Length: 25:04
Show
View Real Time Build Order
Export as new Build Order

Khamsin Protoss - Winner!

Build Orders:  

Get SALT Encoding   

  8  0:01  Probe (Chrono Boost)  
  9  0:13  Probe (Chrono Boost)  
  10  0:25  Probe (Chrono Boost)  
  12  0:41  Probe (Chrono Boost)  
  12  0:58  Probe (Chrono Boost)  
  13  1:13  Pylon  
  14  1:41  Probe (Chrono Boost)  
  14  1:54  Probe (Chrono Boost)  
  15  2:02  Gateway  
  15  2:05  Probe (Chrono Boost)  
  16  2:18  Probe (Chrono Boost)  
  16  2:29  Assimilator  
  17  2:35  Probe (Chrono Boost)  
  19  2:52  Probe (Chrono Boost)  
  19  3:09  Probe (Chrono Boost)  
  20  3:23  Nexus  
  19  3:35  Pylon  
  19  3:40  Cybernetics Core  
  19  3:58  Probe (Chrono Boost)  
  20  4:27  Stalker  
  22  4:57  Probe (Chrono Boost)  
  23  5:02  Probe (Chrono Boost)  
  23  5:07  Stalker  
  24  5:13  Probe (Chrono Boost)  
  24  5:14  Probe (Chrono Boost)  
  28  5:25  Probe (Chrono Boost)  
  28  5:29  Probe  
  30  5:41  Probe  
  30  5:46  Probe  
  32  5:55  Shield Battery  
  32  5:58  Probe  
  33  6:03  Probe  
  34  6:12  Robotics Facility  
  34  6:15  Probe (Chrono Boost)  
  34  6:18  Probe (Chrono Boost)  
  35  6:21  Assimilator  
  35  6:27  Warp Gate (Chrono Boost)  
  35  6:29  Probe (Chrono Boost)  
  36  6:31  Probe (Chrono Boost)  
  38  6:41  Probe (Chrono Boost)  
  38  6:43  Probe (Chrono Boost)  
  38  6:49  Stalker  
  40  6:58  Gateway  
  40  6:59  Gateway  
  42  7:05  Pylon  
  42  7:11  Pylon  
  42  7:23  Stalker  
  42  7:30  Immortal  
  42  7:33  Probe (Chrono Boost)  
  47  7:42  Stalker  
  48  7:50  Probe (Chrono Boost)  
  46  8:11  Stalker  
  46  8:17  Zealot  
  44  8:37  Stalker  
  42  8:55  Stalker  
  42  8:56  Stalker  
  46  9:17  Immortal  
  50  9:27  Assimilator  
  50  9:32  Assimilator  
  50  9:59  Nexus  
  50  10:02  Probe (Chrono Boost)  
  51  10:13  Stalker x2  
  51  10:14  Stalker  
  51  10:16  Pylon  
  51  10:19  Probe (Chrono Boost)  
  58  10:20  Pylon  
  58  10:29  Twilight Council  
  58  10:44  Probe (Chrono Boost)  
  59  10:59  Immortal  
  64  11:01  Probe (Chrono Boost)  
  64  11:17  Probe (Chrono Boost)  
  65  11:28  Gateway x2  
  65  11:31  Gateway  
  65  11:34  Probe (Chrono Boost)  
  65  11:35  Twilight Council  
  66  11:42  Robotics Bay  
  66  11:48  Forge  
  66  11:52  Forge  
  66  11:53  Immortal  
  70  12:03  Stalker  
  70  12:04  Stalker, Zealot  
  76  12:19  Probe (Chrono Boost)  
  77  12:31  Probe (Chrono Boost)  
  77  12:33  Probe (Chrono Boost)  
  77  12:34  Probe (Chrono Boost)  
  80  12:42  Stalker  
  80  12:43  Stalker x2, Probe (Chrono Boost)  
  87  12:50  Probe (Chrono Boost)  
  87  12:51  Probe (Chrono Boost)  
  78  13:00  Stalker, Probe (Chrono Boost)  
  78  13:01  Stalker x2  
  78  13:07  Probe (Chrono Boost)  
  78  13:08  Probe (Chrono Boost)  
  82  13:17  Probe (Chrono Boost)  
  81  13:21  Colossus  
  87  13:39  Pylon  
  87  13:42  Pylon, Extended Thermal Lance  
  87  13:45  Pylon  
  87  13:54  Pylon, Protoss Ground Weapons Level 1 (Chrono Boost), Protoss Shields Level 1 (Chrono Boost)  
  87  13:58  Pylon  
  87  14:01  Pylon  
  87  14:07  Assimilator, Probe x2 (Chrono Boost)  
  89  14:12  Assimilator  
  89  14:13  Stalker  
  89  14:14  Stalker, Zealot  
  89  14:15  Zealot  
  89  14:16  Zealot  
  89  14:17  Zealot  
  101  14:22  Probe x2 (Chrono Boost)  
  103  14:53  Probe (Chrono Boost)  
  104  15:02  Stalker  
  104  15:03  Stalker x2  
  104  15:04  Zealot  
  104  15:05  Zealot x2, Probe (Chrono Boost)  
  117  15:19  Probe (Chrono Boost)  
  117  15:24  Robotics Facility  
  117  15:28  Robotics Facility  
  118  15:36  Probe (Chrono Boost)  
  119  15:52  Charge  
  119  15:53  Probe (Chrono Boost)  
  119  15:57  Stalker  
  119  15:58  Stalker  
  119  15:59  Zealot x2  
  128  16:00  Nexus, Zealot  
  128  16:01  Zealot  
  132  16:32  Pylon  
  132  16:35  Pylon  
  132  16:38  Pylon  
  101  16:40  Protoss Ground Armor Level 1, Pylon  
  133  16:41  Probe (Chrono Boost)  
  133  16:57  Colossus  
  133  16:58  Probe (Chrono Boost)  
  140  17:05  Gateway  
  140  17:08  Gateway  
  140  17:11  Gateway  
  140  17:13  Gateway, Stalker  
  140  17:14  Stalker x2  
  140  17:15  Probe (Chrono Boost), Zealot  
  140  17:16  Zealot  
  140  17:17  Zealot  
  154  17:32  Probe (Chrono Boost)  
  154  17:35  Colossus x2  
  166  17:49  Probe (Chrono Boost)  
  167  17:56  Blink  
  167  18:04  Stalker  
  167  18:05  Stalker  
  167  18:06  Zealot  
  167  18:07  Zealot  
  167  18:08  Zealot x2  
  161  18:12  Colossus  
  161  18:49  Colossus  
  167  19:23  Pylon  
  167  19:26  Pylon  
  167  19:29  Pylon  
  167  19:34  Pylon  
  167  19:38  Protoss Ground Weapons Level 2, Protoss Ground Armor Level 2  
  167  19:52  Assimilator  
  167  19:54  Assimilator  
  167  19:55  Stalker, Zealot  
  167  19:56  Zealot x2  
  167  19:57  Zealot  
  167  19:58  Zealot  
  167  19:59  Zealot  
  181  20:00  Zealot x2  
  181  20:01  Zealot  
  181  20:05  Colossus  
  181  20:06  Colossus  
  141  20:54  Zealot x2  
  141  20:55  Zealot  
  141  20:56  Stalker x2  
  141  20:57  Stalker x3  
  141  20:58  Stalker  
  141  20:59  Zealot  
  155  21:35  Zealot x2  
  155  21:36  Zealot, Stalker  
  155  21:37  Stalker x2  
  155  21:38  Stalker, Zealot  
  155  21:39  Zealot x2  
  171  21:49  Colossus x3  
  185  22:28  Stalker x2  
  185  22:29  Stalker, Zealot  
  193  22:30  Zealot x2  
  193  22:31  Zealot  
Tags
 
Add a new tag
Caveats
  • Supply blocks, unpowered buildings, or Contaminate may cause inaccurate times.
  • Supply counts are checked every 10 seconds.